[Event "Titled Tuesday Blitz January 17 Late 2023"]
[White "Solon, Nathan"]
[Black "Megalios, Konstantinos"]
[WhiteFideId "2017229"]
[BlackFideId "4238044"]
[WhiteElo "2306"]
[BlackElo "2372"]
[Result "1/2-1/2"]
[Round "11"]
[TimeControl "180+2"]
[Date "2023.01.17"]
[WhiteClock "0:00:13"]
[BlackClock "0:00:12"]

1. Nf3 Nf6 2. g3 b6 3. Bg2 Bb7 4. O-O c5 5. c4 e6 6. Nc3 Be7 7. d4 cxd4 8. Qxd4 d6 9. b3 Nbd7 10. Bb2 a6 11. Rad1 O-O 12. e4 Qc7 13. Rfe1 Rfe8 14. h3 Rac8 15. g4 Ne5 16. Nh2 Ng6 17. Ne2 Bf8 18. g5 Nd7 19. Ng4 Nde5 20. Ng3 Qc5 21. Nh5 Qxd4 22. Bxd4 b5 23. cxb5 axb5 24. Rc1 Nxg4 25. hxg4 Ne5 26. f3 Nd3 27. Rxc8 Rxc8 28. Rd1 Nb4 29. Bf1 Nxa2 30. Bxb5 Nc3 31. Bxc3 Rxc3 32. Rd3 Rc2 33. Ng3 d5 34. exd5 Bxd5 35. Ne4 Rb2 36. Bc4 Bxe4 37. fxe4 g6 38. Rd7 Bc5+ 39. Kf1 Be3 40. Rd8+ Kg7 41. Rd7 Kf8 42. Rd8+ Ke7 43. Rh8 Bxg5 44. Rxh7 Be3 45. Rh3 Bd4 46. Rf3 Rd2 47. Ke1 Rg2 48. Be2 Be5 49. Rd3 Kf6 50. Rf3+ Kg7 51. Rd3 Rg3 52. Rxg3 Bxg3+ 53. Kd2 Bd6 54. Kd3 Kf6 55. Ke3 Ke5 56. Kf3 Bc5 57. Bc4 Kd4 58. Bb5 Bd6 59. Be8 f5 60. Bxg6 fxg4+ 61. Kxg4 e5 62. Kf5 Bb4 63. Bf7 Bc3 64. Bc4 Kc5 65. Be6 Bd4 66. Bc4 Kb4 67. Be6 Bc3 68. Bc4 Bd4 69. Be6 Bc3 70. Bc4 Bd4 1/2-1/2


[Site "https://www.chess.com"]

[Event "Titled Tuesday Blitz January 17 Late 2023"]
[White "Fiorito, Joaquin"]
[Black "Mirzoev, Azer"]
[WhiteFideId "180173"]
[BlackFideId "13400304"]
[WhiteElo "2405"]
[BlackElo "2416"]
[Result "1-0"]
[Round "11"]
[TimeControl "180+2"]
[Date "2023.01.17"]
[WhiteClock "0:00:12"]
[BlackClock "0:00:01"]

1. d4 d5 2. Nc3 c6 3. Bf4 Qb6 4. Rb1 Bf5 5. e3 Nf6 6. Bd3 Bg6 7. Nf3 Nbd7 8. O-O e6 9. a3 Be7 10. b4 O-O 11. Na4 Qd8 12. h3 Ne4 13. Ne5 Nxe5 14. Bxe5 a5 15. b5 Bxa3 16. c3 Bd6 17. Bxd6 Qxd6 18. bxc6 bxc6 19. Qc2 Rab8 20. c4 h6 21. c5 Qe7 22. Nb6 e5 23. Ra1 exd4 24. exd4 Rfe8 25. Rxa5 Rbd8 26. Raa1 Qf6 27. Qb2 Re7 28. Bxe4 Bxe4 29. f3 Bd3 30. Rfe1 Rde8 31. Qc3 Rxe1+ 32. Rxe1 Rxe1+ 33. Qxe1 Qxd4+ 34. Qf2 Qa1+ 35. Kh2 Qe5+ 36. Kg1 d4 37. Nd7 Qd5 38. Qd2 Qxd7 39. Qxd3 Qd5 40. Qc2 d3 41. Qd2 Qxc5+ 42. Kh2 Qe5+ 43. Kg1 Qd4+ 44. Kf1 c5 45. Qa5 g6 46. Ke1 Kg7 47. Kd2 c4 48. g4 g5 49. Qf5 Qf4+ 50. Qxf4 gxf4 51. h4 1-0


[Site "https://www.chess.com"]

[Event "Titled Tuesday Blitz January 17 Late 2023"]
[White "Klose, Eli"]
[Black "Lopez Gracia, Fernando"]
[WhiteFideId "16242955"]
[BlackFideId "2207184"]
[WhiteElo "1519"]
[BlackElo "2255"]
[Result "0-1"]
[Round "11"]
[TimeControl "180+2"]
[Date "2023.01.17"]
[WhiteClock "0:00:04"]
[BlackClock "0:00:15"]

1. e4 e5 2. Nf3 Nc6 3. d4 exd4 4. Bc4 Nf6 5. O-O Nxe4 6. Re1 d5 7. Bxd5 Qxd5 8. Nc3 Qh5 9. Nxe4 Be6 10. Bg5 Bd6 11. Nxd6+ cxd6 12. Bf4 Qd5 13. c3 Qf5 14. cxd4 Qxf4 15. d5 O-O 16. dxe6 fxe6 17. Rxe6 Ne5 18. Qb3 Nxf3+ 19. Qxf3 Qxf3 20. gxf3 Rxf3 21. Rxd6 Raf8 22. Rd2 h6 23. Rc1 R8f7 24. Rc5 R3f5 25. Rd8+ Rf8 26. Rcc8 Rxd8 27. Rxd8+ Rf8 28. Rd7 Rf7 29. Rd8+ Rf8 30. Rd4 Rf5 31. Kg2 Ra5 32. Rd8+ Kh7 33. a3 Rb5 34. b4 a5 35. Rd4 axb4 36. axb4 Rf5 37. f4 Rf6 38. Kf3 Rc6 39. Ke4 Kg6 40. Kd5 Rc2 41. h3 Kf5 42. Kd6 Rc8 43. Rd5+ Kxf4 44. Rb5 Rd8+ 45. Ke7 Rd3 46. Rxb7 Rxh3 47. b5 g5 48. Kd6 Rd3+ 49. Kc6 Rc3+ 50. Kd5 g4 51. Rf7+ Kg5 52. b6 Rb3 53. Kc6 g3 54. Rd7 Kg4 55. b7 g2 56. Rg7+ Kf3 57. Rf7+ Kg3 58. Rg7+ Kh2 59. Rh7 Rc3+ 60. Kb6 g1=Q+ 61. Kb5 Rb3+ 62. Ka4 Rxb7 63. Rxb7 Qa1+ 64. Kb5 Qb2+ 65. Kc6 Qxb7+ 66. Kxb7 Kg3 0-1


[Site "https://www.chess.com"]

[Event "Titled Tuesday Blitz January 17 Late 2023"]
[White "Janaszak, Dawid"]
[Black "Cardoso Cardoso, Jose Gabriel"]
[WhiteFideId "1119206"]
[BlackFideId "4430492"]
[WhiteElo "2316"]
[BlackElo "2492"]
[Result "0-1"]
[Round "11"]
[TimeControl "180+2"]
[Date "2023.01.17"]
[WhiteClock "0:00:01"]
[BlackClock "0:00:04"]

1. e4 c5 2. Nc3 g6 3. Bc4 Nc6 4. h4 h5 5. Nf3 Bg7 6. d3 d6 7. Ng5 Nh6 8. f3 Rb8 9. a3 b5 10. Bd5 Bd7 11. O-O e6 12. Ba2 a5 13. Ne2 Qe7 14. c3 b4 15. axb4 axb4 16. Be3 bxc3 17. bxc3 Rb2 18. Bc1 Rb8 19. d4 cxd4 20. cxd4 O-O 21. Be3 Nb4 22. Bb1 Bb5 23. Qd2 Nc6 24. Rd1 e5 25. d5 Bxe2 26. Qxe2 Nd4 27. Qf2 Rb3 28. Ba2 Ra3 29. Bc4 Rxe3 30. Qxe3 Nc2 31. Qd2 Nxa1 32. Rxa1 Qc7 33. Bf1 Rb8 34. Rc1 Qb6+ 35. Kh2 Bf6 36. Rc6 Qd8 37. Qc1 Kg7 38. Rc7 Bxg5 39. Qxg5 Ng8 40. Qc1 Nf6 41. Qc6 Ne8 42. Ra7 Qxh4+ 43. Kg1 Qd8 44. Rd7 Qb6+ 45. Qxb6 Rxb6 46. Rd8 Nf6 47. Bc4 g5 48. Kf2 h4 49. Kg1 Nh5 50. Rc8 Nf4 51. Rc6 Rb2 52. Bf1 Nh5 53. Rxd6 Ng3 54. Bd3 Rd2 55. Bc4 Rd1+ 56. Kf2 Rc1 57. Bd3 Rd1 58. Bc4 Rd2+ 59. Ke1 Rxg2 60. Rc6 h3 61. Bf1 Rg1 62. Kf2 h2 63. Bg2 Nh5 64. d6 Nf4 65. Bh1 Rxh1 66. d7 Rg1 0-1


[Site "https://www.chess.com"]

[Event "Titled Tuesday Blitz January 17 Late 2023"]
[White "Tanenbaum, Zachary"]
[Black "Cori T., Deysi"]
[WhiteFideId "2060850"]
[BlackFideId "3801934"]
[WhiteElo "2261"]
[BlackElo "2362"]
[Result "0-1"]
[Round "11"]
[TimeControl "180+2"]
[Date "2023.01.17"]
[WhiteClock "0:00:02"]
[BlackClock "0:00:04"]

1. e4 g6 2. d4 Bg7 3. Nc3 d6 4. Bg5 c6 5. Nf3 b5 6. Bd3 Qc7 7. Qd2 Bg4 8. O-O-O Nd7 9. Rhe1 Bxf3 10. gxf3 Bxd4 11. Bxb5 Bg7 12. Ba4 Rb8 13. f4 h6 14. Bh4 g5 15. Bg3 Qa5 16. e5 gxf4 17. Bxf4 Bxe5 18. Bxe5 Nxe5 19. f4 Qb4 20. Bb3 Nf3 21. Qe3 Nxe1 22. Rxe1 d5 23. Qe5 Rh7 24. Rg1 Kf8 25. f5 Qd6 26. Qe3 d4 27. Qd3 dxc3 28. Qxc3 Nf6 29. Rd1 Qf4+ 30. Kb1 Rg7 31. a3 Qxf5 32. Qxc6 Qe5 33. Qc4 Qxh2 34. Ka2 Qe5 35. Rg1 e6 36. Rf1 Nd5 37. Rd1 a5 38. Qc5+ Kg8 39. Qxa5 Rg3 40. Qa4 Rgxb3 41. cxb3 Qe2 42. Rc1 Qd2 43. Rg1+ Kf8 44. Qc4 Qe3 45. Qf1 Qxb3+ 46. Kb1 Qxb2# 0-1


[Site "https://www.chess.com"]

[Event "Titled Tuesday Blitz January 17 Late 2023"]
[White "Leitao, Rafael"]
[Black "Rodrigues, Tiago Pereira"]
[WhiteFideId "2101246"]
[BlackFideId "2101203"]
[WhiteElo "2592"]
[BlackElo "2155"]
[Result "1/2-1/2"]
[Round "11"]
[TimeControl "180+2"]
[Date "2023.01.17"]
[WhiteClock "0:00:11"]
[BlackClock "0:00:13"]

1. c4 Nf6 2. Nc3 d6 3. e4 g6 4. d3 c5 5. g3 Nc6 6. Bg2 Bg7 7. Nge2 O-O 8. O-O Ne8 9. Be3 Nc7 10. d4 cxd4 11. Nxd4 Bd7 12. Rc1 Ne6 13. Nde2 Nc5 14. b3 Rc8 15. Qd2 a5 16. Nd5 Ne5 17. f4 Ng4 18. Bd4 e5 19. Bc3 b6 20. f5 Bh6 21. Qc2 Ne3 22. Nxe3 Bxe3+ 23. Kh1 Bxc1 24. Qxc1 f6 25. g4 g5 26. h4 h6 27. Qd2 Bc6 28. Ng3 Be8 29. Kg1 Bf7 30. Kf2 Kg7 31. Rh1 Rh8 32. Nf1 Qe7 33. Ne3 Qb7 34. Qc2 Qc6 35. a4 Rcd8 36. Rh2 Rdg8 37. Bf3 Kf8 38. Rh1 Kg7 39. h5 Rd8 40. Rd1 Rd7 41. Bb2 Rc8 42. Re1 Qb7 43. Nd1 Rdc7 44. Nc3 Rd7 45. Nb5 Rcd8 46. Rd1 Qb8 47. Bc1 Qb7 48. Be3 Qc6 49. Nc3 Na6 50. Nb5 Nc5 51. Rd2 Rb8 52. Nc3 Rbd8 53. Qd1 Qc8 54. Bg2 Qb8 55. Nb5 Kg8 56. Bf3 Qb7 57. Qc2 Qc6 58. Nc3 Na6 59. Nb5 Nb4 60. Qd1 Kg7 61. Bg2 Kh7 62. Bf3 Kh8 63. Bg2 Na6 64. Bf3 Kg8 65. Bg2 Kg7 66. Bf3 Bg8 67. Bg2 Nc5 68. Qc2 Bf7 69. Nc3 Qa8 70. Bf3 Rc7 71. Nb5 Rc6 72. Nc3 Qb8 73. Nb5 Rd7 74. Nc3 Kf8 75. Qd1 Ke7 76. Bg2 Be8 77. Bf3 Bf7 78. Bg2 Kf8 79. Nb5 Kg7 80. Nc3 Na6 81. Bf3 Nb4 82. Nb5 Na6 83. Nc3 Nc5 84. Bg2 Rc8 85. Bf3 Rcd8 86. Bg2 Bg8 87. Bf3 Qb7 88. Bg2 Qa8 89. Bf3 1/2-1/2


[Site "https://www.chess.com"]

[Event "Titled Tuesday Blitz January 17 Late 2023"]
[White "Odegov, Artem"]
[Black "Djordjevic, Vuk"]
[WhiteFideId "34183644"]
[BlackFideId "902098"]
[WhiteElo "2261"]
[BlackElo "2375"]
[Result "1-0"]
[Round "11"]
[TimeControl "180+2"]
[Date "2023.01.17"]
[WhiteClock "0:00:11"]
[BlackClock "0:00:02"]

1. e4 d6 2. d4 Nf6 3. Nc3 g6 4. Be3 Bg7 5. Qd2 Ng4 6. Bg5 f6 7. Bf4 e5 8. Bg3 O-O 9. h3 Nh6 10. O-O-O Nc6 11. Bc4+ Kh8 12. Nge2 Nxd4 13. Nxd4 exd4 14. Qxd4 f5 15. e5 Nf7 16. Bxf7 Rxf7 17. Qd5 Rf8 18. exd6 f4 19. Bxf4 Rxf4 20. d7 Rxf2 21. Rhe1 Rf8 22. dxc8=Q Qxc8 23. Re7 c6 24. Qd7 Rg8 25. Ne4 Qf8 26. Rf7 Qb4 27. Nf6 Rgf8 28. Rxg7 Qf4+ 29. Kb1 Qxf6 30. Rxh7+ Kg8 31. Re7 Rac8 32. a3 c5 33. c3 Rc6 34. Qxb7 Rb6 35. Qd5+ Kh8 36. Qe5 Qxe5 37. Rxe5 Rf2 38. b4 cxb4 39. cxb4 Kg7 40. Rd7+ Kf6 41. Red5 Re6 42. Rd2 Rf1+ 43. Kb2 a6 44. R7d6 Re1 45. Rxe6+ Kxe6 46. Kb3 Re3+ 47. Ka4 Rg3 48. Ra2 Rg5 49. Rb2 Kd6 50. g4 Kc6 51. Rc2+ Kb6 52. Rc5 Rxc5 53. bxc5+ Kxc5 54. Ka5 1-0


[Site "https://www.chess.com"]

[Event "Titled Tuesday Blitz January 17 Late 2023"]
[White "Vlassov, Nikolai"]
[Black "Al-Tarboush, Ward"]
[WhiteFideId "4103360"]
[BlackFideId "7601450"]
[WhiteElo "2283"]
[BlackElo "2256"]
[Result "1-0"]
[Round "11"]
[TimeControl "180+2"]
[Date "2023.01.17"]
[WhiteClock "0:02:27"]
[BlackClock "0:01:56"]

1. e4 c5 2. c3 Nc6 3. d4 cxd4 4. cxd4 d5 5. exd5 Qxd5 6. Nf3 e5 7. Nc3 Bb4 8. Be2 exd4 9. O-O Bxc3 10. bxc3 Nge7 11. Nxd4 O-O 12. Bf3 Qa5 13. Qb3 Qb6 14. Ba3 Nxd4 15. cxd4 Re8 16. Rfe1 Be6 17. Qxb6 axb6 18. Bxe7 Rxe7 19. d5 1-0


[Site "https://www.chess.com"]

[Event "Titled Tuesday Blitz January 17 Late 2023"]
[White "Domingo Nunez, Ruben"]
[Black "Martinez Reyes, Pedro Ramon"]
[WhiteFideId "22245570"]
[BlackFideId "3901807"]
[WhiteElo "2416"]
[BlackElo "2376"]
[Result "0-1"]
[Round "11"]
[TimeControl "180+2"]
[Date "2023.01.17"]
[WhiteClock "0:00:04"]
[BlackClock "0:00:16"]

1. e4 e6 2. Nf3 d5 3. Nc3 Nf6 4. e5 Ne4 5. Ne2 h6 6. h4 Be7 7. d3 Nc5 8. Ng3 a5 9. c3 b6 10. d4 Ncd7 11. Bd3 Ba6 12. Bc2 c5 13. Nh5 Bf8 14. Be3 Nc6 15. a3 Qc7 16. Nf4 Be7 17. Rh3 b5 18. Rg3 Bf8 19. h5 c4 20. Kf1 Nb6 21. Kg1 b4 22. axb4 axb4 23. cxb4 Nxb4 24. Bb1 Bb5 25. Rxa8+ Nxa8 26. Bd2 Nc6 27. Bc3 Nb6 28. Bc2 Qa7 29. Nd2 Ba4 30. b3 cxb3 31. Bxb3 Qa6 32. Kh2 Qb5 33. Bb2 Be7 34. Rxg7 Bg5 35. Qf3 Nd8 36. Bxa4 Nxa4 37. Ba3 Qb6 38. Nh3 Bxd2 39. Qf6 Bb4 40. Rg6 Rf8 41. Bxb4 Qxb4 42. Rxh6 Qxd4 43. Rh8 Nc6 44. Rxf8+ Kxf8 45. h6 Qxe5+ 46. Qxe5 Nxe5 47. Ng5 Ng6 48. Kg3 Nc5 49. Kg4 Ne4 50. Nf3 Nxf2+ 51. Kg5 Ne4+ 52. Kh5 Nf6+ 53. Kg5 Nh7+ 54. Kg4 e5 55. Kf5 e4 56. Nd4 Ke7 57. g3 Kd6 58. Nb3 e3 59. Kg4 Ke5 60. Kf3 d4 61. Nc1 Kd5 62. Nd3 Ne5+ 63. Ke2 Nxd3 64. Kxd3 Ng5 0-1


[Site "https://www.chess.com"]

[Event "Titled Tuesday Blitz January 17 Late 2023"]
[White "Sukandar, Irine Kharisma"]
[Black "Injac, Teodora"]
[WhiteFideId "7101937"]
[BlackFideId "932400"]
[WhiteElo "2390"]
[BlackElo "2391"]
[Result "1-0"]
[Round "11"]
[TimeControl "180+2"]
[Date "2023.01.17"]
[WhiteClock "0:00:32"]
[BlackClock "0:00:05"]

1. d4 Nf6 2. Bf4 g6 3. Nc3 d5 4. e3 Bg7 5. h4 h5 6. Nf3 O-O 7. Qd2 c5 8. O-O-O Nc6 9. dxc5 Qa5 10. Kb1 Qxc5 11. Ne5 Bf5 12. Na4 Qd6 13. Nxf7 Qd7 14. Nc5 Qc8 15. Ng5 e5 16. Bg3 a5 17. Bd3 e4 18. Bb5 Nb4 19. Nb3 Bg4 20. Rc1 Bd7 21. Bxd7 Qxd7 22. Nc5 Qe7 23. Nce6 Rfc8 24. Nxg7 Kxg7 25. Qd4 Nc6 26. Qd2 a4 27. f3 a3 28. b3 b5 29. fxe4 Nxe4 30. Nxe4 dxe4 31. c4 b4 32. Qd6 Qxd6 33. Bxd6 Rd8 34. Rcd1 Rd7 35. Bf8+ Rxf8 36. Rxd7+ Kh6 37. g4 hxg4 38. h5 Rf2 39. hxg6+ Kxg6 40. Rd6+ Rf6 41. Rxf6+ Kxf6 42. Rh6+ Kf5 43. Rxc6 g3 44. Rc8 Kg4 45. Rg8+ Kf3 46. c5 Kxe3 47. Rxg3+ 1-0


[Site "https://www.chess.com"]

[Event "Titled Tuesday Blitz January 17 Late 2023"]
[White "Di Berardino, Diego Rafael"]
[Black "Przybylski, Wojciech"]
[WhiteFideId "2105446"]
[BlackFideId "1117599"]
[WhiteElo "2479"]
[BlackElo "2321"]
[Result "1-0"]
[Round "11"]
[TimeControl "180+2"]
[Date "2023.01.17"]
[WhiteClock "0:00:07"]
[BlackClock "0:00:25"]

1. e4 e5 2. Nf3 Nf6 3. Nxe5 d6 4. Nf3 Nxe4 5. d4 d5 6. Bd3 Bd6 7. O-O O-O 8. c4 c6 9. Qc2 Bf5 10. Nc3 Na6 11. a3 Re8 12. c5 Bb8 13. Re1 Bg4 14. Nxe4 dxe4 15. Rxe4 Bxf3 16. gxf3 Rxe4 17. Bxe4 Qh4 18. f4 Bxf4 19. Bxf4 Qxf4 20. Bxh7+ Kh8 21. Qf5 Qxd4 22. Qh3 Qd2 23. Be4+ Qh6 24. Qxh6+ gxh6 25. b4 Rd8 26. Re1 Nc7 27. Re3 Ne6 28. Bf5 Nf4 29. h3 Rd5 30. Bg4 h5 31. Bf3 Rg5+ 32. Kh2 Ne6 33. h4 Rf5 34. Kg3 Kg7 35. Rd3 b6 36. cxb6 axb6 37. Bxc6 Re5 38. Bf3 f5 39. Rd5 f4+ 40. Kg2 Re1 41. Rxh5 Ra1 42. Rb5 Rxa3 43. Rxb6 Nd4 44. Be4 Rb3 45. b5 Rb4 46. Rb7+ Kf6 47. b6 Ne6 48. Bd5 Nc5 49. Rb8 Nd7 50. Rb7 Nxb6 51. Bf3 Rb2 52. h5 Kg5 53. Rb8 Kf6 54. Rb7 Kg5 55. Rb8 Nc4 56. Rxb2 Nxb2 57. Kh3 Nd3 58. h6 Kxh6 59. Kg4 Kg6 60. Be4+ Kf6 61. Bxd3 Ke5 62. Kf3 Kf6 63. Be4 Ke5 64. Bb7 Ke6 65. Bc8+ Kf6 66. Kxf4 Ke7 67. Bf5 Kd8 68. Ke5 Ke7 69. f4 Kf7 70. Be4 Ke8 71. f5 Ke7 72. f6+ Kf8 73. Ke6 Ke8 74. f7+ Kf8 75. Bb1 Kg7 76. Ke7 Kh6 77. f8=Q+ Kg5 78. Qf6+ Kg4 79. Qf5+ Kh4 80. Qg6 Kh3 81. Ke6 Kh2 82. Kf5 Kh3 83. Kf4 Kh2 84. Kf3 Kh1 85. Qg2# 1-0


[Site "https://www.chess.com"]

[Event "Titled Tuesday Blitz January 17 Late 2023"]
[White "Gurevich, Dmitry"]
[Black "Leiva, Gianmarco"]
[WhiteFideId "2000407"]
[BlackFideId "3804399"]
[WhiteElo "2393"]
[BlackElo "2392"]
[Result "1-0"]
[Round "11"]
[TimeControl "180+2"]
[Date "2023.01.17"]
[WhiteClock "0:01:11"]
[BlackClock "0:00:09"]

1. d4 Nf6 2. c4 e6 3. Nc3 Bb4 4. a3 Bxc3+ 5. bxc3 c5 6. e3 Nc6 7. Bd3 b6 8. Ne2 Ba6 9. e4 Na5 10. e5 Ng8 11. O-O Ne7 12. Ng3 d5 13. Nh5 Kf8 14. Qg4 Ng6 15. f4 Bxc4 16. Bxc4 Nxc4 17. f5 exf5 18. Qxf5 Qe8 19. Ra2 Rc8 20. Raf2 Rc7 21. e6 Nd6 22. Qxd5 Qc6 23. Rxf7+ Nxf7 24. Rxf7+ Kg8 1-0


[Site "https://www.chess.com"]

[Event "Titled Tuesday Blitz January 17 Late 2023"]
[White "Papayan, Oleg"]
[Black "Liang, Justin"]
[WhiteFideId "4193911"]
[BlackFideId "2099942"]
[WhiteElo "2253"]
[BlackElo "2052"]
[Result "0-1"]
[Round "11"]
[TimeControl "180+2"]
[Date "2023.01.17"]
[WhiteClock "0:00:19"]
[BlackClock "0:01:26"]

1. e4 c5 2. Nf3 e6 3. b3 Nc6 4. Bb2 Nf6 5. e5 Nd5 6. g3 Be7 7. Bg2 O-O 8. O-O b6 9. Nc3 Nc7 10. Ne4 Bb7 11. Re1 Ne8 12. c4 d5 13. exd6 Nxd6 14. Nxd6 Qxd6 15. d4 Bf6 16. Qe2 cxd4 17. Nxd4 Bxd4 18. Bxc6 Qxc6 19. Bxd4 Qg2# 0-1


[Site "https://www.chess.com"]

[Event "Titled Tuesday Blitz January 17 Late 2023"]
[White "Arenas, David"]
[Black "Vaglio Munoz, Jaime"]
[WhiteFideId "4403177"]
[BlackFideId "6500145"]
[WhiteElo "2426"]
[BlackElo "2174"]
[Result "1-0"]
[Round "11"]
[TimeControl "180+2"]
[Date "2023.01.17"]
[WhiteClock "0:00:36"]
[BlackClock "0:00:25"]

1. e4 c5 2. Nf3 Qa5 3. Nc3 a6 4. d4 b5 5. dxc5 e6 6. Be3 b4 7. Nb1 Bxc5 8. Bxc5 Qxc5 9. Bd3 Nf6 10. O-O Bb7 11. Qe2 Nc6 12. Nbd2 d5 13. e5 Nd7 14. Nb3 Qb6 15. Rfe1 h6 16. Qe3 Qxe3 17. Rxe3 a5 18. Nbd4 Nxd4 19. Nxd4 Nc5 20. f4 g6 21. Kf2 Ke7 22. Ke2 h5 23. g3 a4 24. Kd2 Rhd8 25. a3 b3 26. cxb3 axb3 27. Rc1 Nxd3 28. Rxd3 Ba6 29. Rxb3 Kd7 30. Rb6 Rdb8 31. Rd6+ Ke8 32. b3 Rb7 33. a4 Rd7 34. Rxd7 Kxd7 35. Rc6 Bb7 36. Rc5 h4 37. g4 h3 38. a5 Ba6 39. b4 Bc4 40. Kc3 Rh8 41. b5 Ra8 42. a6 Bxb5 43. Nxb5 Rxa6 44. Rc7+ Kd8 45. Rxf7 Ra2 46. Rh7 Rxh2 47. Kd4 Rh1 48. Kc5 Ke8 49. Nc7+ Kf8 50. Nxe6+ Kg8 51. Ng5 h2 52. Kd6 d4 53. e6 d3 54. e7 Re1 55. Rxh2 Re2 56. Rxe2 dxe2 57. e8=Q+ Kg7 58. Qf7+ Kh6 59. Qh7# 1-0


[Site "https://www.chess.com"]

[Event "Titled Tuesday Blitz January 17 Late 2023"]
[White "Vakhlamov, Igor L."]
[Black "Musovic, Armin"]
[WhiteFideId "24126748"]
[BlackFideId "939935"]
[WhiteElo "2413"]
[BlackElo "2261"]
[Result "0-1"]
[Round "11"]
[TimeControl "180+2"]
[Date "2023.01.17"]
[WhiteClock "0:01:08"]
[BlackClock "0:01:51"]

1. e4 c6 2. d4 d5 3. exd5 cxd5 4. c4 Nc6 5. Nc3 Nf6 6. Nf3 Bg4 7. cxd5 Nxd5 8. h3 Bxf3 9. Qxf3 e6 10. Bb5 a6 11. Bxc6+ bxc6 12. O-O Be7 13. Be3 O-O 14. Rac1 Rb8 15. b3 Qa5 16. Na4 Rfc8 17. Rfd1 h6 18. Rc4 Bg5 19. Rdc1 Nxe3 20. fxe3 Qd2 21. Rxc6 Bxe3+ 22. Kh1 Rxc6 23. Rxc6 Bxd4 24. Qf1 Qxa2 25. Rc7 Bf6 26. Nc5 Qa1 27. Qxa1 Bxa1 28. Nxa6 Rxb3 29. Rc6 Rb1+ 30. Kh2 Be5+ 31. g3 Rb2+ 32. Kg1 Bxg3 33. Rc8+ Kh7 34. Rc4 f5 35. Kf1 Rf2+ 36. Kg1 Ra2 37. Nb4 Ra4 38. Kg2 Bd6 39. Nd5 Rxc4 0-1


[Site "https://www.chess.com"]

[Event "Titled Tuesday Blitz January 17 Late 2023"]
[White "Graif, William"]
[Black "Ivanisevic, Ivan"]
[WhiteFideId "2609835"]
[BlackFideId "912417"]
[WhiteElo "2304"]
[BlackElo "2532"]
[Result "0-1"]
[Round "11"]
[TimeControl "180+2"]
[Date "2023.01.17"]
[WhiteClock "0:00:07"]
[BlackClock "0:00:31"]

1. e4 c5 2. Nc3 Nc6 3. Bb5 Nd4 4. Nf3 a6 5. Bd3 Nc6 6. O-O g6 7. e5 Bg7 8. Re1 f5 9. Bc4 e6 10. a4 Nh6 11. d4 cxd4 12. Nxd4 Nf7 13. Nxc6 bxc6 14. f4 O-O 15. Be3 g5 16. Kh1 Rb8 17. Bb3 gxf4 18. Bxf4 Rb4 19. Qd2 c5 20. Rad1 Bb7 21. Na2 Rd4 22. Qf2 Rxd1 23. Rxd1 Qc7 24. Qg3 Kh8 25. Re1 Rg8 26. Bc4 Bh6 27. Qxg8+ Kxg8 28. Bg3 Qc6 29. Bf1 Ng5 30. Nc3 Nf3 31. Rd1 Nd2 32. Rxd2 Bxd2 33. Ne2 Qe4 34. b3 f4 35. Bf2 f3 36. Ng3 fxg2+ 37. Kg1 gxf1=Q+ 38. Kxf1 Qf3 39. h4 Be3 0-1


[Site "https://www.chess.com"]

[Event "Titled Tuesday Blitz January 17 Late 2023"]
[White "Jovic, Stanoje"]
[Black "Milikow, Yoav"]
[WhiteFideId "905020"]
[BlackFideId "2822237"]
[WhiteElo "2075"]
[BlackElo "2394"]
[Result "0-1"]
[Round "11"]
[TimeControl "180+2"]
[Date "2023.01.17"]
[WhiteClock "0:00:07"]
[BlackClock "0:02:26"]

1. c4 b6 2. g3 Bb7 3. Nf3 e6 4. Bg2 Be7 5. O-O d6 6. Nc3 Nf6 7. d4 O-O 8. Qc2 Nbd7 9. e4 e5 10. d5 c5 11. dxc6 Bxc6 12. Rd1 Rc8 13. h3 Re8 14. Be3 Bf8 15. Nh4 Nc5 16. Bxc5 bxc5 17. Nf5 g6 18. Ne3 Rb8 19. Ned5 Nd7 20. h4 Rb7 21. Bh3 Kg7 22. Rd2 h5 23. Rad1 Nb6 24. Nxb6 Qxb6 25. Nd5 Bxd5 26. exd5 Reb8 27. b3 Be7 28. Kg2 a5 29. Rd3 Ra7 30. a4 Rab7 31. Rf3 Qc7 32. Rdd3 e4 33. Qc3+ f6 34. Be6 exd3 35. Qxd3 Rxb3 36. Qxb3 Rxb3 37. Rxb3 Bd8 38. f4 f5 39. Kf3 Qe7 40. Rb8 Qf6 41. Rb7+ Kh6 42. Rd7 Qc3+ 43. Kg2 Bf6 44. Rxd6 Qxc4 45. Rd7 Qe2+ 46. Kh3 c4 47. Bg8 Bg7 48. d6 c3 49. Rc7 c2 50. d7 Qg4+ 51. Kg2 Qe2+ 52. Kh3 Qd1 53. Kg2 Qxd7 54. Rxd7 c1=Q 0-1


[Site "https://www.chess.com"]

[Event "Titled Tuesday Blitz January 17 Late 2023"]
[White "Weetik, Vjacheslav"]
[Black "Tokhirjonova, Gulrukhbegim"]
[WhiteFideId "4153472"]
[BlackFideId "14203626"]
[WhiteElo "2423"]
[BlackElo "2340"]
[Result "1-0"]
[Round "11"]
[TimeControl "180+2"]
[Date "2023.01.17"]
[WhiteClock "0:00:09"]
[BlackClock "0:00:07"]

1. e4 e5 2. Nf3 Nc6 3. Nc3 Nf6 4. Bb5 Bd6 5. d3 O-O 6. g4 Nd4 7. Bc4 Bc5 8. g5 Ng4 9. Nxd4 Bxd4 10. Qf3 Nxf2 11. Rf1 d5 12. Nxd5 Ng4 13. c3 Nxh2 14. Qg2 Nxf1 15. cxd4 c6 16. Nf6+ Kh8 17. Nxh7 Kxh7 18. g6+ Kg8 19. Qh1 Qa5+ 20. Kxf1 Rd8 21. Bg5 1-0


[Site "https://www.chess.com"]

[Event "Titled Tuesday Blitz January 17 Late 2023"]
[White "Korchmar, Vasiliy"]
[Black "Vega Gutierrez, Sabrina"]
[WhiteFideId "24131750"]
[BlackFideId "2219026"]
[WhiteElo "2438"]
[BlackElo "2377"]
[Result "1-0"]
[Round "11"]
[TimeControl "180+2"]
[Date "2023.01.17"]
[WhiteClock "0:00:04"]
[BlackClock "0:00:02"]

1. d4 d5 2. c4 e6 3. Nf3 c6 4. e3 f5 5. Bd3 Nf6 6. O-O Bd6 7. b3 Qe7 8. Bb2 O-O 9. Nc3 b6 10. Ne2 Bb7 11. Nf4 Ne4 12. Ne5 Nd7 13. f3 Nec5 14. Nxc6 Bxc6 15. dxc5 Bxc5 16. Qe2 Kh8 17. cxd5 exd5 18. Rfe1 Rae8 19. Bd4 Qd6 20. Qb2 Rf7 21. Kh1 Rfe7 22. Bxf5 Qxf4 23. exf4 Rxe1+ 24. Bg1 Nf6 25. Qc3 Rxa1 26. Qxa1 Bxg1 27. Kxg1 Re2 28. Qc1 Be8 29. Qc8 d4 30. g4 1-0


[Site "https://www.chess.com"]

[Event "Titled Tuesday Blitz January 17 Late 2023"]
[White "Sielecki, Christof"]
[Black "Haszon, David"]
[WhiteFideId "4620437"]
[BlackFideId "733610"]
[WhiteElo "2419"]
[BlackElo "2264"]
[Result "1-0"]
[Round "11"]
[TimeControl "180+2"]
[Date "2023.01.17"]
[WhiteClock "0:00:22"]
[BlackClock "0:00:18"]

1. e4 c5 2. Nf3 d6 3. Bb5+ Bd7 4. Bxd7+ Nxd7 5. O-O g6 6. c3 Bg7 7. d4 cxd4 8. cxd4 e6 9. Bf4 Qb6 10. Nbd2 Qa6 11. Qb3 Ne7 12. Nc4 Nc8 13. a4 O-O 14. Qb5 Qc6 15. Qxc6 bxc6 16. Nxd6 Nxd6 17. Bxd6 Rfc8 18. Rac1 c5 19. dxc5 Bxb2 20. Rc2 Bg7 21. Rb1 Bf8 22. Bxf8 Kxf8 23. Rb5 a6 24. Ra5 Nb8 25. c6 Rxc6 26. Rxc6 Nxc6 27. Rc5 Rb8 28. g4 Nd8 29. Ne5 Rb7 30. g5 Ke7 31. h4 f6 32. Ng4 f5 33. exf5 exf5 34. Nf6 h6 35. Ra5 hxg5 36. hxg5 Ra7 37. Nd5+ Kd6 38. Nf4 Ne6 39. Nxe6 Kxe6 40. f4 Kd6 41. Kf2 Kc6 42. Re5 Rd7 43. Ke3 Rd1 44. Re6+ Kc5 45. Rxa6 Re1+ 46. Kf3 Rf1+ 47. Kg3 Rg1+ 48. Kf2 Rg4 49. Kf3 Rg1 50. Rxg6 Ra1 51. Re6 Ra3+ 52. Re3 Rxa4 53. Re5+ Kd4 54. Rxf5 Ra3+ 55. Kg4 1-0


[Site "https://www.chess.com"]

[Event "Titled Tuesday Blitz January 17 Late 2023"]
[White "Martynov, Pavel"]
[Black "Sreyas Payyappat"]
[WhiteFideId "4101260"]
[BlackFideId "46674969"]
[WhiteElo "2414"]
[BlackElo "2076"]
[Result "1-0"]
[Round "11"]
[TimeControl "180+2"]
[Date "2023.01.17"]
[WhiteClock "0:02:27"]
[BlackClock "0:01:57"]

1. e4 c6 2. d4 d5 3. exd5 cxd5 4. c4 Nf6 5. Nc3 Nc6 6. Bg5 Be6 7. Nge2 g6 8. Nf4 dxc4 9. Bxf6 exf6 10. d5 Bh6 11. Nxe6 fxe6 12. dxc6 Qc7 13. Qd7+ Qxd7 14. cxd7+ Kxd7 15. Bxc4 Rac8 16. Rd1+ Ke7 17. Bb3 a6 18. O-O b5 19. Rfe1 Rc6 20. Nd5+ Kf7 21. Nb4 Rb6 22. Rd7+ Ke8 23. Ra7 1-0


[Site "https://www.chess.com"]